 Dungeon Crawl Stone Soup version 0.25.1-2-g60ff931df9 (webtiles) character file.

Game seed: 16208877901110086534

434 DerDa the Chiller (level 7, -7/46 HPs)
             Began as a Merfolk Ice Elementalist on Sept 21, 2020.
             Killed from afar by an orc wizard (13 damage)
             ... with a puff of flame
             ... on level 4 of the Dungeon.
             The game lasted 00:09:23 (4185 turns).

DerDa the Chiller (Merfolk Ice Elementalist)        Turns: 4185, Time: 00:09:24

Health: -7/46      AC:  3    Str: 21    XL:     7   Next: 0%
Magic:  10/13      EV: 14    Int: 16    God:
Gold:   207        SH:  0    Dex: 14    Spells: 8/15 levels left

rFire    . . .     SeeInvis .   n - +0 whip
rCold    . . .     Gourm    .   (no shield)
rNeg     . . .     Faith    .   a - +0 robe
rPois    .         Spirit   .   D - +0 helmet
rElec    .         Reflect  .   x - -1 cloak (curse)
rCorr    .         Harm     .   (no gloves)
MR       .....                  (no boots)
Stlth    ++........             (no amulet)
HPRegen  0.15/turn              w - +6 ring of strength
MPRegen  0.13/turn              y - +6 ring of strength

@: lethally poisoned (-7 -> -10)
A: change form in water, swift swim, stealthy swim
a: no special abilities


You were on level 4 of the Dungeon.
You were hungry.

You visited 1 branch of the dungeon, and saw 4 of its levels.

You collected 207 gold pieces.

Inventory:

Hand Weapons
 b - a +0 club
 n - a +0 whip (weapon)
 r - a +0 hunting sling
Missiles
 d - 24 poisoned darts
 e - 6 silver boomerangs (quivered)
 q - 27 sling bullets
Armour
 a - a +0 robe (worn)
 x - a cursed -1 cloak (worn)
 D - a +0 helmet (worn)
Jewellery
 w - a +6 ring of strength (left hand)
 y - a +6 ring of strength (right hand)
Wands
 u - a wand of enslavement (2)
 B - a wand of disintegration (13)
Scrolls
 g - 3 scrolls of identify {unknown}
 h - 3 scrolls of blinking {unknown}
 i - 3 scrolls of remove curse {unknown}
 j - 2 scrolls of immolation {unknown}
 k - 2 scrolls of enchant armour {unknown}
 m - a scroll of amnesia {unknown}
 o - 2 scrolls of noise {unknown}
 A - 2 scrolls of magic mapping {unknown}
Potions
 f - 3 potions of lignification {unknown}
 l - a potion of berserk rage {unknown}
 p - 2 potions of brilliance {unknown}
 s - a potion of ambrosia {unknown}
 t - 2 potions of degeneration {unknown}
 v - a potion of magic {unknown}
 z - a potion of stabbing {unknown}
Comestibles
 c - 8 rations


   Skills:
 + Level 4.8 Dodging
 - Level 2.1 Stealth
 * Level 4.5 Spellcasting
 * Level 6.5 Ice Magic


You had 8 spell levels left.
You knew the following spells:

 Your Spells              Type           Power        Failure   Level  Hunger
a - Freeze                Ice            ###.         1%          1    None
b - Frozen Ramparts       Ice            ###...       3%          3    ###....
c - Ozocubu's Armour      Chrm/Ice       ##......     13%         3    ###....

Your spell library contained the following spells:

 Spells                   Type           Power        Failure   Level  Hunger
 Hailstorm                Conj/Ice       ##......     38%         4    ####...
 Summon Ice Beast         Ice/Summ       ##......     38%         4    ####...


Dungeon Overview and Level Annotations

Branches:
Dungeon (4/15)
 Temple: D:4-7

Altars:
Makhleb
Wu Jian
Xom


Message History

You kill the orc!
The wall freezes the scorpion.
You kill the scorpion!
You have reached level 7!
A magic dart appears from out of thin air!
The magic dart hits you!
You feel sick.
The wall freezes something.
The frozen ramparts melt away.
Something hits you.
You miss something.
You feel sick. Something hits you but does no damage.
There isn't anything here!
You hit something.
You feel sick.
You hear some strange, mumbled words.
A magic dart appears from out of thin air!
The magic dart hits you!
* * * LOW HITPOINT WARNING * * *
You miss something.
You hear some strange, mumbled words.
A puff of flame appears from out of thin air!
The puff of flame hits you!
You die...

#. #.... ##.o
###....
##...###.....
.............
#............
............##
............## ####
#.......#....###..##
#..........{@....# .
##....$..........#
..#
##...##.....###.#
#..####..####....#
## #...#..## ##...#
#.....# ##..#
##....# #!.# ##...##
#..# #.....## ##


There were no monsters in sight!

Vanquished Creatures
  A phantom (D:3)
  A scorpion (D:4)
  A howler monkey (D:4)
  An orc priest (D:3)
  Ijyb (D:3)
  A worker ant (D:4)
  Terence (D:3)
  Robin (D:3)
  3 adders
  An ooze (D:3)
  2 worms (D:2)
  A dart slug (D:3)
  5 leopard geckos
  6 orcs
  A ball python (D:3)
  2 giant cockroaches (D:2)
  14 hobgoblins
  10 jackals
  9 kobolds
  3 quokkas
  7 bats
  7 frilled lizards
  14 goblins
  9 rats
102 creatures vanquished.

Notes
Turn   | Place    | Note
-------+----------+-------------------------------------------
     0 | D:1      | DerDa the Merfolk Ice Elementalist began the quest for the
                  | Orb.
     0 | D:1      | Reached XP level 1. HP: 13/13 MP: 3/3
   294 | D:1      | Reached XP level 2. HP: 19/19 MP: 1/5
   896 | D:1      | Reached XP level 3. HP: 15/24 MP: 1/6
  1206 | D:2      | Learned a level 3 spell: Frozen Ramparts
  1210 | D:2      | Learned a level 3 spell: Ozocubu's Armour
  1707 | D:2      | Reached skill level 5 in Ice Magic
  2178 | D:2      | Reached XP level 4. HP: 30/30 MP: 6/8
  2308 | D:3      | Noticed Terence
  2427 | D:3      | Reached XP level 5. HP: 32/35 MP: 3/9
  2498 | D:3      | Killed Terence
  2543 | D:3      | Found a shimmering altar of Xom.
  2791 | D:3      | Found a burning altar of Makhleb.
  2830 | D:3      | Noticed Ijyb
  2836 | D:3      | Killed Ijyb
  3198 | D:3      | Found an ornate altar of the Wu Jian Council.
  3219 | D:3      | Noticed Robin
  3231 | D:3      | Killed Robin
  3479 | D:4      | Reached XP level 6. HP: 37/41 MP: 7/11
  3482 | D:4      | Reached skill level 6 in Ice Magic
  3575 | D:4      | Noticed a phantom
  3966 | D:3      | Killed a phantom
  4179 | D:4      | Reached XP level 7. HP: 28/46 MP: 9/13
  4185 | D:4      | Killed from afar by an orc wizard

Illustrated notes

Levels and vault maps discovered:
D:1:      zaba_arrival_water, layout_rooms, minmay_small_reverse_x
D:2:      layout_loops_ring
D:3:      layout_basic, lightli_temple_of_fire, overflow_temple_1_default,
          overflow_temple_1_default, uniq_robin, uniq_ijyb, uniq_terence
D:4:      layout_layer_cave, cheibriados_altar_1,
          minmay_temple_entry_mini_moons, gammafunk_ghost_mausoleum

Skill      XL: |  1  2  3  4  5  6 |
---------------+-------------------+-----
Dodging        | 3 4 |  4.8
Ice Magic      | 5 6 |  6.5
Spellcasting   | 3 4 |  4.5
Stealth        | |  2.1

Action                   |  1- 3 |  4- 6 |  7- 9 || total
-------------------------+-------+-------+-------++-------
Melee: Club              |    13 |       |       ||    13
       Whip              |     5 |    93 |     3 ||   101
Throw: Dart              |    14 |       |       ||    14
       Boomerang         |       |    29 |       ||    29
 Cast: Freeze            |    54 |    25 |       ||    79
       Frozen Ramparts   |     3 |    13 |       ||    16
       Ozocubu's Armour  |       |     4 |       ||     4
 Stab: Sleeping          |     1 |     3 |       ||     4
  Eat: Chunk             |     5 |     7 |       ||    12
Armor: Robe              |     7 |    23 |     1 ||    31
Dodge: Dodged            |    41 |    77 |       ||   118
